 Dungeon Crawl Stone Soup version 0.18.1-48-g4cf74bf (webtiles) character file.

1259 MajorAdolf the Ducker (level 8, -14/67 HPs)
             Began as a Demigod Skald on Sept 5, 2016.
             Demolished by Prince Ribbit (15 damage)
             ... on level 5 of the Dungeon.
             The game lasted 00:24:05 (8151 turns).

MajorAdolf the Ducker (Demigod Skald)               Turns: 8151, Time: 00:24:05

Health: -14/67     AC:  6    Str: 15    XL:     8   Next: 6%
Magic:  13/13      EV: 17    Int: 16    God:
Gold:   205        SH:  0    Dex: 19    Spells: 3 memorised, 5 levels left

rFire  . . .     SeeInvis .     a - +1 hand axe
rCold  . . .     Gourm    .     n - +0 robe
rNeg   . . .     Faith    .     (no shield)
rPois  .         Spirit   .     x - +2 hat
rElec  .         Dismiss  .     g - +0 cloak
rCorr  .         Reflect  .     o - +0 pair of gloves
SustAt +         Harm     .     (no boots)
MR     .....                    (no amulet)
Stlth  ++........               (no ring)
                                (no ring)

@: not resistant to hostile enchantments, unstealthy
A: high mp 1, sustain attributes
a: no special abilities


You were on level 5 of the Dungeon.
You were hungry.

You visited 1 branch of the dungeon, and saw 5 of its levels.

You collected 205 gold pieces.

Inventory:

Hand Weapons
 a - a +1 hand axe (weapon)
Armour
 b - a +0 leather armour
 g - a +0 cloak (worn)
 n - a +0 robe (worn)
 o - a +0 pair of gloves (worn)
 x - a +2 hat (worn)
Scrolls
 i - 2 scrolls of remove curse
 k - 4 scrolls of identify
 m - a scroll of blinking
 p - a scroll of enchant armour {unknown}
 q - 2 scrolls of recharging {unknown}
 s - a scroll of immolation {unknown}
 t - a scroll of amnesia
Potions
 e - 2 potions of mutation
 f - 2 potions of flight {unknown}
 h - 7 potions of curing {unknown}
 r - a potion of heal wounds {unknown}
 u - 2 potions of resistance {unknown}
 v - a potion of agility {unknown}
Books
 c - a book of Battle

   Spells                             Type                      Level
   a - Infusion                       Charms                       1
   b - Shroud of Golubria             Charms/Translocation         2
   c - Song of Slaying                Charms                       2
   d - Spectral Weapon                Hexes/Charms                 3
   e - Regeneration                   Charms/Necromancy            3
Comestibles
 d - 3 bread rations
 j - 2 beef jerkies
 l - 3 fruits


   Skills:
 + Level 4.4 Fighting
 + Level 4.4 Axes
 - Level 0.8 Armour
 + Level 6.0 Dodging
 - Level 1.7 Spellcasting
 + Level 4.4 Charms


You had 5 spell levels left.
You knew the following spells:

 Your Spells              Type           Power        Failure   Level  Hunger
a - Infusion              Chrm           ###.         4%          1    ##.....
b - Song of Slaying       Chrm           ###.....     8%          2    ###....
c - Shroud of Golubria    Chrm/Tloc      #.........   14%         2    ###....


Dungeon Overview and Level Annotations

Branches:
Dungeon (5/15)
 Temple: D:4-7

Annotations:
D:5 Prince Ribbit


Innate Abilities, Weirdness & Mutations

You have an increased reservoir of magic (+10% MP).
Your attributes are resistant to harm.


Message History

Prince Ribbit hits you.
* * * LOW HITPOINT WARNING * * *
You closely miss Prince Ribbit.
Prince Ribbit is heavily wounded.
Prince Ribbit completely misses you. Prince Ribbit barely misses you.
Prince Ribbit hops awkwardly around.
Prince Ribbit blinks!
Prince Ribbit blinks!
Prince Ribbit blinks!
Your magical infusion is running out.
You are no longer magically infusing your attacks.
Prince Ribbit blinks!
Prince Ribbit barely misses you. Prince Ribbit closely misses you.
Prince Ribbit misses you. Prince Ribbit hits you!
* * * LOW HITPOINT WARNING * * *
Prince Ribbit closely misses you. Prince Ribbit hits you!
You die...

.# #.##...#.#....##.# ##
#.##.###.#.#..##.#
#....# #.#.#...#.#
###### #.##..#.#
#.##....# #.##..###
#.###># ##.############
#####....@........#
######......)..F.......#
#.......##.............#
#.......'......#########
###.....#..#####.#
......###..## #.#
#=#..#####..###.#
#...###.#'#..##.#
#..###._.###.##.#


You could see Prince Ribbit.

Vanquished Creatures
  Eustachio (D:4)
  2 ogres (D:4)
  2 centaurs (D:5)
  Blork the orc (D:4)
  2 scorpions
  A crimson imp (D:5)
  A giant frog skeleton (D:5)
  An orc priest (D:4)
  A hound (D:5)
  3 orc wizards (D:4)
  3 iguanas
  Terence (D:2)
  A worker ant (D:4)
  A hound skeleton (D:4)
  Robin (D:1)
  4 gnolls (D:3)
  A howler monkey skeleton (D:5)
  8 adders
  An ooze (D:1)
  An adder zombie (D:4)
  4 worms
  3 dart slugs
  4 giant geckos
  9 orcs
  4 giant cockroaches
  20 goblins
  11 hobgoblins
  2 jackals (D:5)
  5 quokkas
  2 ball pythons
  7 bats
  6 giant newts
  9 kobolds
  12 rats
135 creatures vanquished.

Notes
Turn   | Place    | Note
--------------------------------------------------------------
     0 | D:1      | MajorAdolf the Demigod Skald began the quest for the Orb.
     0 | D:1      | Reached XP level 1. HP: 17/17 MP: 5/5
   402 | D:1      | Reached XP level 2. HP: 15/25 MP: 1/7
   809 | D:1      | Reached skill level 1 in Dodging
  1035 | D:1      | Reached XP level 3. HP: 30/30 MP: 8/8
  1270 | D:1      | Learned a level 2 spell: Song of Slaying
  1399 | D:2      | Noticed Robin
  1457 | D:1      | Killed Robin
  1908 | D:2      | Found an ancient bone altar of Kikubaaqudgha.
  1916 | D:2      | Found a faded altar to an unknown god.
  2083 | D:2      | Noticed Terence
  2101 | D:2      | Killed Terence
  2101 | D:2      | Reached XP level 4. HP: 15/38 MP: 4/9
  2470 | D:3      | Reached skill level 2 in Dodging
  3438 | D:4      | Noticed an ogre
  3449 | D:4      | Killed an ogre
  3449 | D:4      | Reached skill level 3 in Dodging
  3449 | D:4      | Reached XP level 5. HP: 28/45 MP: 0/10
  3613 | D:4      | Noticed Eustachio
  3653 | D:4      | Noticed Blork the orc
  5093 | D:4      | Reached XP level 6. HP: 51/51 MP: 5/11
  5200 | D:4      | Reached skill level 4 in Dodging
  5724 | D:3      | HP: 1/52 [orc/flail (5)]
  5726 | D:3      | Reached XP level 7. HP: 2/58 MP: 4/12
  6293 | D:4      | Killed Eustachio
  6643 | D:4      | Killed Blork the orc
  6643 | D:4      | Reached skill level 5 in Dodging
  6955 | D:4      | Learned a level 2 spell: Shroud of Golubria
  7255 | D:5      | Entered Level 5 of the Dungeon
  7874 | D:5      | Reached XP level 8. HP: 54/67 MP: 4/13
  8003 | D:5      | Reached skill level 6 in Dodging
  8084 | D:5      | Noticed Prince Ribbit
  8095 | D:5      | Found a sparkling altar of Nemelex Xobeh.
  8149 | D:5      | HP: 1/67 [Prince Ribbit (14)]
  8151 | D:5      | Demolished by Prince Ribbit

Skill      XL: |  1  2  3  4  5  6  7  8 |
---------------+-------------------------+-----
Fighting       | 2 3 4 |  4.4
Axes           | 2 3 4 |  4.4
Dodging        | 1 3 4 5 6 |  6.0
Charms         | 3 4 |  4.4
Armour         | |  0.8
Spellcasting   | |  1.7

Action                   |  1- 3 |  4- 6 |  7- 9 || total
-------------------------+-------+-------+-------++-------
Melee: Hand axe          |   146 |   266 |   177 ||   589
 Cast: Infusion          |    15 |    20 |    18 ||    53
       Song of Slaying   |     3 |     3 |       ||     6
  Use: Scroll            |     3 |     4 |       ||     7
 Stab: Sleeping          |     1 |     1 |     1 ||     3
       Distracted        |     1 |     1 |       ||     2
  Eat: Chunk             |     4 |    13 |     7 ||    24
       Fruit             |       |       |     1 ||     1
Armor: Leather armour    |    47 |    83 |    11 ||   141
       Robe              |       |       |    24 ||    24
Dodge: Dodged            |   115 |   209 |   148 ||   472
